 Dungeon Crawl Stone Soup version 0.24-a0-368-g0e0cebd (webtiles) character file.

Game seed: 16520282998615896212

53 MatthieuS the Charmwright (level 3, 0/32 HPs)
             Began as a Naga Skald on May 28, 2019.
             Slain by an adder (2 damage)
             ... on level 2 of the Dungeon.
             The game lasted 00:04:05 (2231 turns).

MatthieuS the Charmwright (Naga Skald)              Turns: 2231, Time: 00:04:06

Health: 0/32       AC:  3    Str:  9 (11) XL:     3   Next: 87%
Magic:  1/6        EV:  9    Int: 12 (14) God:
Gold:   53         SH:  0    Dex:  8 (10) Spells: 4/7 levels left

rFire    . . .     SeeInvis +   a - +0 spear
rCold    . . .     Gourm    .   (no shield)
rNeg     . . .     Faith    .   b - +1 leather armour
rPois    +         Spirit   .   (no helmet)
rElec    .         Reflect  .   (no cloak)
rCorr    .         Harm     .   (no gloves)
MR       .....                  (no barding)
Stlth    +.........             (no amulet)
HPRegen  0.10/turn              g - ring of wizardry
MPRegen  0.10/turn              m - -2 ring of strength (curse)

@: short of breath, infused, very slow
A: large, see invisible, deformed body, poison resistance, slowness 2, slow
metabolism 1, spit poison 1, AC +1
a: Spit Poison


You were on level 2 of the Dungeon.
You were not hungry.

You visited 1 branch of the dungeon, and saw 2 of its levels.

You collected 53 gold pieces.

Inventory:

Hand Weapons
 a - a +0 spear (weapon)
Armour
 b - a +1 leather armour (worn)
Jewellery
 g - a ring of wizardry (left hand)
   (You found it on level 1 of the Dungeon)
 l - an uncursed ring of see invisible {unknown}
   (You found it on level 2 of the Dungeon)
 m - a cursed -2 ring of strength (right hand)
   (You found it on level 1 of the Dungeon)
Scrolls
 d - 2 scrolls of amnesia
 f - a scroll of fear
Comestibles
 e - 3 rations


   Skills:
 - Level 2.0 Fighting
 * Level 3.2 Polearms
 - Level 0.7 Armour
 - Level 1.5 Dodging
 + Level 2.5 Spellcasting
 + Level 3.4 Charms


You had 4 spell levels left.
You knew the following spells:

 Your Spells              Type           Power        Failure   Level  Hunger
a - Infusion              Chrm           #...         3%          1    #......
A - Shroud of Golubria    Chrm/Tloc      #.........   11%         2    ###....

Your spell library contained the following spells:

 Spells                   Type           Power        Failure   Level  Hunger
 Song of Slaying          Chrm           #.......     5%          2    ###....
 Regeneration             Chrm/Necr      #.........   21%         3    ###....
 Spectral Weapon          Hex/Chrm       #.......     21%         3    ###....


Dungeon Overview and Level Annotations

Branches:
Dungeon (2/15)

Altars:


Innate Abilities, Weirdness & Mutations

You cannot wear boots.
Your serpentine skin is tough. (AC +1)
You have supernaturally acute eyesight. (SInv)
Armour fits poorly on your strangely shaped body.
Your system is resistant to poisons. (rPois)
You cover ground very slowly.
You have a slow metabolism.
You can spit poison.


Message History

You hit the kobold.
You kill the kobold!
No target in view!
No target in view!
No target in view!
You have got your breath back.
Found a ration.
c - a scroll labeled MEOCECH POEQIBB
e - 3 rations (gained 1)
As you read the scroll labeled MEOCECH POEQIBB, it crumbles to dust.
It is a scroll of enchant armour.
Your +0 leather armour glows green for a moment.
Found a ration.
The gnoll shouts! x2
You begin infusing your attacks with magical energy.
An adder comes into view.
The gnoll throws a stone.
The stone barely misses you.
The adder hisses angrily.
The gnoll throws a stone.
The stone hits you.
The gnoll throws a stone.
The stone closely misses you.
The gnoll throws a stone.
The stone hits you.
You see here 2 stones.
Space distorts slightly along a thin shroud covering your body.
The adder bites you but does no damage.
Your leather armour prevents you from hitting the adder.
The adder barely misses you. The adder bites you.
You hit the adder. The adder bites you but does no damage.
The gnoll hits you from afar with a +0 spear.
Your shroud falls apart!
You hit the adder. The adder bites you but does no damage.
The gnoll hits you from afar with a +0 spear.
You hit the adder. The adder barely misses you.
The gnoll hits you from afar with a +0 spear!
* * * LOW HITPOINT WARNING * * *
You barely miss the adder. The adder closely misses you.
The gnoll hits you from afar with a +0 spear.
* * * LOW HITPOINT WARNING * * *
The adder bites you.
* * * LOW HITPOINT WARNING * * *
Aim: a gnoll, wielding a +0 spear The splash of poison misses the adder.
The splash of poison hits the gnoll!
You feel slightly more hungry. The adder bites you.
* * * LOW HITPOINT WARNING * * *
The gnoll hits you but does no damage.
You aren't carrying any potions.
You barely miss the adder. The adder bites you but does no damage.
The gnoll hits you from afar with a +0 spear.
* * * LOW HITPOINT WARNING * * *
You closely miss the adder. The adder bites you.
You die...

#..........#.
............
#............
............
#<..........[ .......
#..........#. .......
#####.##.###.##.......
#.##.###...%......
##.#.....gg(.......
#.....####S####..#.
#..#######@#
#######..#####...#
.........##....###
............####
.......)...##
...........#
.......(...#
...........#
...........#


You could see 2 gnolls and an adder.

Vanquished Creatures
  2 gnolls
  3 dart slugs (D:1)
  2 leopard geckos (D:1)
  2 goblins (D:1)
  2 hobgoblins (D:1)
  2 jackals (D:2)
  5 kobolds
  2 bats
  2 frilled lizards (D:1)
  5 rats
27 creatures vanquished.

Notes
Turn   | Place    | Note
-------+----------+-------------------------------------------
     0 | D:1      | MatthieuS the Naga Skald began the quest for the Orb.
     0 | D:1      | Reached XP level 1. HP: 19/19 MP: 3/3
   142 | D:1      | Reached XP level 2. HP: 24/26 MP: 1/5
   498 | D:1      | Learned a level 2 spell: Shroud of Golubria
   975 | D:1      | Reached XP level 3. HP: 10/32 MP: 2/6
  1710 | D:1      | HP: 1/32 [gnoll/+0 dagger (1)]
  2231 | D:2      | Slain by an adder

Levels and vault maps discovered:
D:1:      minmay_arrival_doors, layout_loops_ring
D:2:      layout_rooms

Skill      XL: |  1  2  3 |
---------------+----------+-----
Polearms       | 3 |  3.2
Fighting       | |  2.0
Armour         | |  0.7
Dodging        | |  1.5
Spellcasting   | |  2.5
Charms         | |  3.4

Action                   || total
-------------------------++-------
Melee: Spear             ||   114
 Cast: Infusion          ||    15
       Shroud of Golubri ||     5
 Abil: Spit Poison       ||     4
  Use: Scroll            ||     3
       Potion            ||     4
  Eat: Chunk             ||     3
Armor: Leather armour    ||    29
Dodge: Dodged            ||    49

Table legend:
 A = Non-vault XP
 B = Vault XP
 C = Vault XP percentage of total XP
 D = Non-vault monster count
 E = Vault monster count
 F = Vault count percentage of total count
                 A         B        C        D         E       F
            +---------+---------+-------+---------+---------+-------
      Total |      76 |       0 |   0.0 |      27 |       0 |   0.0
            +---------+---------+-------+---------+---------+-------
        D:1 |      52 |       0 |   0.0 |      20 |       0 |   0.0
        D:2 |      24 |       0 |   0.0 |       7 |       0 |   0.0
            +---------+---------+-------+---------+---------+-------
